| TOP OF THE 1ST |
|
Roswell Invaders batting - Pitching for Joplin Blasters : LHP Ben Mills
|
|
Pitching: LHP Ben Mills
|
|
|
Batting: RHB Carlos Gonzalez
|
0-0: Fly out, F7 (Line Drive, 7, EV 93.1 MPH)
|
|
Batting: RHB Drew Sigona
|
0-0: Called Strike 0-1: Ball 1-1: Foul Ball, location: 2F 1-2: Strikes out swinging
|
|
Batting: LHB Ivan Cortez
|
0-0: Ball 1-0: Fly out, F7 (Flyball, 78M, EV 78.1 MPH)
|
| Top of the 1st over - 0 runs, 0 hits, 0 errors, 0 left on base; Roswell 0 - Joplin 0 |
| BOTTOM OF THE 1ST |
|
Joplin Blasters batting - Pitching for Roswell Invaders : RHP Joe Mulholland
|
|
Pitching: RHP Joe Mulholland
|
|
|
Batting: RHB Chris Stec
|
0-0: Ball 1-0: Foul Ball, location: 2F 1-1: SINGLE (Groundball, 34D, EV 105.6 MPH)
|
|
Batting: RHB Dermott Ayliffe
|
0-0: Called Strike 0-1: SINGLE (Groundball, 6MD, EV 101.9 MPH) Chris Stec to second
|
|
Batting: RHB Dustin Peterson
|
0-0: DOUBLE (Line Drive, 9LS, EV 98.8 MPH) Chris Stec scores Dermott Ayliffe to third
|
|
Batting: RHB Cody Marshall
|
0-0: Foul Ball, location: 2F 0-1: Swinging Strike 0-2: Strikes out swinging
|
|
Batting: RHB Carlos Castillo
|
0-0: Ball 1-0: Fly out, F8 (Flyball, 8RD, EV 98.8 MPH) Runner from 3rd tags up, SCORES, throw by CF Dustin Peterson to third
|
|
Batting: LHB Josh Lane
|
0-0: Called Strike 0-1: Ball 1-1: Ball 2-1: Swinging Strike 2-2: Ball 3-2: Foul Ball, location: 2F 3-2: Foul Ball, location: 2F 3-2: Foul Ball, location: 2F 3-2: Foul Ball, location: 2F 3-2: SINGLE (Groundball, 4MD, EV 106.2 MPH) Dustin Peterson scores
|
|
Batting: RHB Esteban Acuna
|
0-0: Called Strike 0-1: Swinging Strike 0-2: Foul Ball, location: 2F 0-2: Ball 1-2: Foul Ball, location: 2F 1-2: Strikes out swinging
|
| Bottom of the 1st over - 3 runs, 4 hits, 0 errors, 1 left on base; Roswell 0 - Joplin 3 |
| TOP OF THE 2ND |
|
Roswell Invaders batting - Pitching for Joplin Blasters : LHP Ben Mills
|
|
Batting: LHB Angelo Lira
|
0-0: Called Strike 0-1: Swinging Strike 0-2: Strikes out swinging
|
|
Batting: LHB Julio Zamora
|
0-0: Foul Ball, location: 2F 0-1: Swinging Strike 0-2: Ball 1-2: Foul Ball, location: 2F 1-2: Strikes out swinging
|
|
Batting: RHB Jason Hanson
|
0-0: Ball 1-0: Ball 2-0: DOUBLE (Line Drive, 7LM, EV 103.1 MPH)
|
|
Batting: LHB Adam Spence
|
0-0: Swinging Strike 0-1: SINGLE (Groundball, 13S, EV 64.4 MPH) (infield hit) Jason Hanson to third
|
|
Batting: LHB Andrew Moore
|
0-0: Ball 1-0: Swinging Strike 1-1: Called Strike 1-2: Foul Ball, location: 2F 1-2: Ball 2-2: Strikes out looking
|
| Top of the 2nd over - 0 runs, 2 hits, 0 errors, 2 left on base; Roswell 0 - Joplin 3 |
| BOTTOM OF THE 2ND |
|
Joplin Blasters batting - Pitching for Roswell Invaders : RHP Joe Mulholland
|
|
Batting: LHB Willie Marquez
|
0-0: Ball 1-0: Called Strike 1-1: Called Strike 1-2: Strikes out swinging
|
|
Batting: RHB Bobby Leon
|
0-0: Fly out, F3 (Popup, 34S, EV 72.5 MPH)
|
|
Batting: RHB Chris Stec
|
0-0: Ball 1-0: Ball 2-0: Foul Ball, location: 2F 2-1: Foul Ball, location: 2F 2-2: Foul Ball, location: 2F 2-2: Ball 3-2: Base on Balls
|
|
Batting: RHB Dermott Ayliffe
|
0-0: Called Strike 0-1: Foul Ball, location: 2F 0-2: Ball 1-2: Fielders Choice at 2nd, 6-4 (Groundball, 6, EV 81.9 MPH)
|
| Bottom of the 2nd over - 0 runs, 0 hits, 0 errors, 1 left on base; Roswell 0 - Joplin 3 |
| TOP OF THE 3RD |
|
Roswell Invaders batting - Pitching for Joplin Blasters : LHP Ben Mills
|
|
Batting: SHB Sandy Burke
|
0-0: Ball 1-0: Ball 2-0: Ball 3-0: Base on Balls
|
|
Batting: RHB Carlos Gonzalez
|
0-0: Ball 1-0: Ball 2-0: Ball 3-0: Base on Balls Sandy Burke to second
|
|
Batting: RHB Drew Sigona
|
0-0: Called Strike 0-1: SINGLE (Line Drive, 6D, EV 98.1 MPH) Sandy Burke to third Carlos Gonzalez to second
|
|
Batting: LHB Ivan Cortez
|
0-0: Foul Ball, location: 2F 0-1: Fielders Choice at 2nd, 6-4 (Groundball, 6, EV 97.5 MPH) Sandy Burke scores Carlos Gonzalez to third
|
|
Batting: LHB Angelo Lira
|
0-0: Fly out, F7 (Line Drive, 7, EV 101.2 MPH) Runner from 3rd tags up, OUT at HOME! 7-2
|
| Top of the 3rd over - 1 run, 1 hit, 0 errors, 1 left on base; Roswell 1 - Joplin 3 |
| BOTTOM OF THE 3RD |
|
Joplin Blasters batting - Pitching for Roswell Invaders : RHP Joe Mulholland
|
|
Batting: RHB Dustin Peterson
|
0-0: Swinging Strike 0-1: Ground out 2-3 (Groundball, 2R, EV 75.0 MPH)
|
|
Batting: RHB Cody Marshall
|
0-0: Called Strike 0-1: Ball 1-1: Ball 2-1: Ground out 5-3 (Groundball, 5L, EV 90.6 MPH)
|
|
Batting: RHB Carlos Castillo
|
0-0: Called Strike 0-1: Foul Ball, location: 2F 0-2: Strikes out looking
|
| Bottom of the 3rd over - 0 runs, 0 hits, 0 errors, 0 left on base; Roswell 1 - Joplin 3 |
| TOP OF THE 4TH |
|
Roswell Invaders batting - Pitching for Joplin Blasters : LHP Ben Mills
|
|
Batting: LHB Julio Zamora
|
0-0: Foul Ball, location: 2F 0-1: Swinging Strike 0-2: Foul Ball, location: 2F 0-2: Ball 1-2: Ball 2-2: Ball 3-2: SINGLE (Groundball, 4MS, EV 68.1 MPH) (infield hit)
|
|
Batting: RHB Jason Hanson
|
0-0: Called Strike 0-1: SINGLE (Groundball, 56D, EV 103.8 MPH) Julio Zamora to second
|
|
Batting: LHB Adam Spence
|
0-0: Fly out, F8 (Flyball, 8LXD, EV 103.1 MPH) Runner from 2nd tags up, SAFE at 3rd, no throw by CF
|
|
Batting: LHB Andrew Moore
|
0-0: DOUBLE (Flyball, 78D, EV 111.9 MPH) Julio Zamora scores Jason Hanson to third
|
|
Batting: SHB Sandy Burke
|
0-0: SINGLE (Line Drive, 89M, EV 103.8 MPH) Jason Hanson scores Andrew Moore to third
|
|
Batting: RHB Carlos Gonzalez
|
0-0: Ball 1-0: Ball 2-0: Ball 3-0: Called Strike 3-1: Fielders Choice at 2nd, 3-6 (Groundball, 3S, EV 84.4 MPH) Andrew Moore scores
|
|
Batting: RHB Drew Sigona
|
0-0: Fielders Choice at 2nd, 5-4 (Groundball, 56, EV 88.1 MPH)
|
| Top of the 4th over - 3 runs, 4 hits, 0 errors, 1 left on base; Roswell 4 - Joplin 3 |
| BOTTOM OF THE 4TH |
|
Joplin Blasters batting - Pitching for Roswell Invaders : RHP Joe Mulholland
|
|
Batting: LHB Josh Lane
|
0-0: Called Strike 0-1: Called Strike 0-2: Ball 1-2: Strikes out swinging
|
|
Batting: RHB Esteban Acuna
|
0-0: Fly out, F8 (Flyball, 89D, EV 108.8 MPH)
|
|
Batting: LHB Willie Marquez
|
0-0: Called Strike 0-1: Called Strike 0-2: Strikes out swinging
|
| Bottom of the 4th over - 0 runs, 0 hits, 0 errors, 0 left on base; Roswell 4 - Joplin 3 |
| TOP OF THE 5TH |
|
Roswell Invaders batting - Pitching for Joplin Blasters : LHP Ben Mills
|
|
Batting: LHB Ivan Cortez
|
0-0: Ball 1-0: Swinging Strike 1-1: Ground out 4-3 (Groundball, 13, EV 88.1 MPH)
|
|
Batting: LHB Angelo Lira
|
0-0: Called Strike 0-1: Ball 1-1: Foul Ball, location: 2F 1-2: Ground out 4-3 (Groundball, 34D, EV 100.0 MPH)
|
|
Batting: LHB Julio Zamora
|
0-0: Swinging Strike 0-1: Fly out, F8 (Flyball, 8LS, EV 78.1 MPH)
|
| Top of the 5th over - 0 runs, 0 hits, 0 errors, 0 left on base; Roswell 4 - Joplin 3 |
| BOTTOM OF THE 5TH |
|
Joplin Blasters batting - Pitching for Roswell Invaders : RHP Joe Mulholland
|
|
Batting: RHB Bobby Leon
|
0-0: Ball 1-0: Ball 2-0: Swinging Strike 2-1: Foul Ball, location: 2F 2-2: Strikes out swinging, 2-3 out at first.
|
|
Batting: RHB Chris Stec
|
0-0: Ball 1-0: Foul Ball, location: 2F 1-1: Fly out, F4 (Line Drive, 4, EV 65.0 MPH)
|
|
Batting: RHB Dermott Ayliffe
|
0-0: Ball 1-0: Ball 2-0: SINGLE (Groundball, 4S, EV 65.0 MPH) (infield hit)
|
|
Batting: RHB Dustin Peterson
|
0-0: Foul Ball, location: 2F 0-1: Fly out, F8 (Flyball, 89M, EV 78.8 MPH)
|
| Bottom of the 5th over - 0 runs, 1 hit, 0 errors, 1 left on base; Roswell 4 - Joplin 3 |
| TOP OF THE 6TH |
|
Roswell Invaders batting - Pitching for Joplin Blasters : LHP Ben Mills
|
|
Batting: RHB Jason Hanson
|
0-0: Called Strike 0-1: Ball 1-1: Called Strike 1-2: Foul Ball, location: 2F 1-2: Ball 2-2: Ball 3-2: Base on Balls
|
|
Batting: LHB Adam Spence
|
0-0: Ball 1-0: Ball 2-0: Ball 3-0: Called Strike 3-1: Foul Ball, location: 2F 3-2: Foul Ball, location: 2F 3-2: Base on Balls Jason Hanson to second
|
|
Batting: LHB Andrew Moore
|
0-0: Called Strike 0-1: Fly out, F5 (Popup, 5SF, EV 79.4 MPH)
|
|
Batting: SHB Sandy Burke
|
0-0: Called Strike 0-1: Called Strike 0-2: Ball 1-2: Strikes out swinging
|
|
Batting: RHB Carlos Gonzalez
|
0-0: Foul Ball, location: 2F 0-1: Foul Ball, location: 2F 0-2: Fielders Choice at 2nd, 6-4 (Groundball, 6, EV 90.0 MPH)
|
| Top of the 6th over - 0 runs, 0 hits, 0 errors, 2 left on base; Roswell 4 - Joplin 3 |
| BOTTOM OF THE 6TH |
|
Joplin Blasters batting - Pitching for Roswell Invaders : RHP Joe Mulholland
|
|
Batting: RHB Cody Marshall
|
0-0: Called Strike 0-1: Swinging Strike 0-2: Strikes out looking
|
|
Batting: RHB Carlos Castillo
|
0-0: Fly out, F8 (Flyball, 8LM, EV 84.4 MPH)
|
|
Batting: LHB Josh Lane
|
0-0: Called Strike 0-1: Ball 1-1: Called Strike 1-2: Ball 2-2: Ball 3-2: Strikes out looking
|
| Bottom of the 6th over - 0 runs, 0 hits, 0 errors, 0 left on base; Roswell 4 - Joplin 3 |
| TOP OF THE 7TH |
|
Roswell Invaders batting - Pitching for Joplin Blasters : LHP Ben Mills
|
|
Batting: RHB Drew Sigona
|
0-0: Fly out, F8 (Flyball, 8RD, EV 105.0 MPH)
|
|
Batting: LHB Ivan Cortez
|
0-0: Called Strike 0-1: SINGLE (Groundball, 34, EV 98.8 MPH)
|
|
Batting: LHB Angelo Lira
|
0-0: Swinging Strike 0-1: Ball 1-1: Ball 2-1: Swinging Strike 2-2: Fielders Choice at 2nd, 4-6 (Groundball, 4S, EV 89.4 MPH)
|
|
Batting: LHB Julio Zamora
|
0-0: Fly out, F7 (Line Drive, 7D, EV 97.5 MPH)
|
| Top of the 7th over - 0 runs, 1 hit, 0 errors, 1 left on base; Roswell 4 - Joplin 3 |
| BOTTOM OF THE 7TH |
|
Joplin Blasters batting - Pitching for Roswell Invaders : RHP Joe Mulholland
|
|
Pinch Hitting: RHB Mike McClung
|
0-0: Fly out, F4 (Line Drive, 4, EV 69.4 MPH)
|
|
Batting: LHB Willie Marquez
|
0-0: Called Strike 0-1: Foul Ball, location: 2F 0-2: Foul Ball, location: 2F 0-2: Strikes out looking
|
|
Pinch Hitting: RHB Tanner Holland
|
0-0: Hit by Pitch
|
|
Batting: RHB Chris Stec
|
0-0: Ball 1-0: Ball Passed Ball! Tanner Holland to second 2-0: Called Strike 2-1: Ground out 5-3 (Groundball, 15, EV 86.9 MPH)
|
| Bottom of the 7th over - 0 runs, 0 hits, 0 errors, 1 left on base; Roswell 4 - Joplin 3 |
| TOP OF THE 8TH |
|
Roswell Invaders batting - Pitching for Joplin Blasters : LHP Ben Mills
|
|
Now at 2B: Kevin Lea
|
|
|
Now in CF: Nate Brewer
|
|
|
Batting: RHB Jason Hanson
|
0-0: Ball 1-0: Ball 2-0: Called Strike 2-1: Foul Ball, location: 2F 2-2: Strikes out swinging
|
|
Batting: LHB Adam Spence
|
0-0: Ball 1-0: Fly out, F8 (Flyball, 8RM, EV 85.0 MPH)
|
|
Batting: LHB Andrew Moore
|
0-0: Called Strike 0-1: Ball 1-1: Swinging Strike 1-2: Strikes out swinging
|
| Top of the 8th over - 0 runs, 0 hits, 0 errors, 0 left on base; Roswell 4 - Joplin 3 |
| BOTTOM OF THE 8TH |
|
Joplin Blasters batting - Pitching for Roswell Invaders : RHP Joe Mulholland
|
|
Batting: RHB Dermott Ayliffe
|
0-0: Swinging Strike 0-1: Ball 1-1: Ball 2-1: Swinging Strike 2-2: Foul Ball, location: 2F 2-2: Foul Ball, location: 2F 2-2: Strikes out swinging
|
|
Batting: RHB Dustin Peterson
|
0-0: Ball 1-0: Called Strike 1-1: Foul Ball, location: 2F 1-2: Strikes out swinging
|
|
Batting: RHB Cody Marshall
|
0-0: Called Strike 0-1: Fly out, F7 (Flyball, 78M, EV 90.6 MPH)
|
| Bottom of the 8th over - 0 runs, 0 hits, 0 errors, 0 left on base; Roswell 4 - Joplin 3 |
| TOP OF THE 9TH |
|
Roswell Invaders batting - Pitching for Joplin Blasters : LHP Ben Mills
|
|
Pinch Hitting: LHB Falco van Koeveringe
|
0-0: Foul Ball, location: 2F 0-1: Ball 1-1: Ball 2-1: Foul Ball, location: 2F 2-2: Foul Ball, location: 2F 2-2: Foul Ball, location: 2F 2-2: Ball 3-2: Fly out, F7 (Line Drive, 7D, EV 91.9 MPH)
|
|
Pitching: LHP Tristan Irwin
|
|
|
Batting: RHB Carlos Gonzalez
|
0-0: Called Strike 0-1: Ball 1-1: Called Strike 1-2: Foul Ball, location: 2F 1-2: Ball 2-2: Foul Ball, location: 2F 2-2: Fly out, F8 (Flyball, 8LXD, EV 105.6 MPH)
|
|
Batting: RHB Drew Sigona
|
0-0: Ball 1-0: Ball 2-0: Called Strike 2-1: Ball 3-1: Fly out, F8 (Flyball, 8RD, EV 103.8 MPH)
|
| Top of the 9th over - 0 runs, 0 hits, 0 errors, 0 left on base; Roswell 4 - Joplin 3 |
| BOTTOM OF THE 9TH |
|
Joplin Blasters batting - Pitching for Roswell Invaders : RHP Joe Mulholland
|
|
Pitching: LHP Sam Davis
|
|
|
Now at 3B: Benjie Alejandro
|
|
|
Batting: RHB Carlos Castillo
|
0-0: Foul Ball, location: 2F 0-1: Ball 1-1: Ball 2-1: Ball 3-1: Called Strike 3-2: Strikes out swinging
|
|
Pinch Hitting: RHB Mike Stokes
|
0-0: Called Strike 0-1: Swinging Strike 0-2: Fly out, F3 (Popup, 3SF, EV 80.0 MPH)
|
|
Batting: RHB Kevin Lea
|
0-0: Foul Ball, location: 2F 0-1: Ball 1-1: Ball 2-1: Called Strike 2-2: Strikes out swinging
|
| Bottom of the 9th over - 0 runs, 0 hits, 0 errors, 0 left on base; Roswell 4 - Joplin 3 |
|